 Dungeon Crawl Stone Soup version 0.27-a0-906-g0a00ce863d (webtiles) character file.

Game seed: 539029210663534404

3188 funkygono the Thaumaturge (level 9, 0/56 HPs)
             Began as a Djinni Fire Elementalist on Apr 7, 2021.
             Slain by a gnoll
             ... wielding a +0 club
              (3 damage)
             ... on level 8 of the Dungeon.
             The game lasted 00:19:38 (9428 turns).

funkygono the Thaumaturge (DjFE)                    Turns: 9428, Time: 00:19:38

Health: 0/56       AC: 17    Str:  8    XL:     9   Next: 95%
Gold:   1056       EV: 11    Int: 19    God:
                   SH:  0    Dex: 20

rFire    + + .     SeeInvis .   i - +4 scimitar (drain)
rCold    . . .     Faith    .   (no shield)
rNeg     . . .     Spirit   .   r - +5 ring mail {rC+}
rPois    ∞         Reflect  .   (no helmet)
rElec    .         Harm     .   m - +2 cloak
rCorr    .         Rampage  .   j - +2 pair of gloves
Will     +....                  (boots unavailable)
Stlth    ++........             (no amulet)
HPRegen  0.18/turn              e - +6 ring of dexterity
MPRegen  0.00/turn              B - ring of willpower

@: flying
A: fire resistance 2, cold vulnerability 1, float, innate caster, hp casting,
extra vitality 1
a: no special abilities


You were on level 8 of the Dungeon.
You visited 1 branch of the dungeon, and saw 8 of its levels.

You collected 1056 gold pieces.

Inventory:

Hand Weapons
 a - a +1 falchion
 f - a +0 short sword
 i - a +4 scimitar of draining (weapon)
 q - a +6 club
 u - a +1 falchion of electrocution
 y - a +2 great sword
Armour
 c - a +1 leather armour
 j - a +2 pair of gloves (worn)
 k - a +0 scale mail of fire resistance
 m - a +2 cloak (worn)
 n - a +0 buckler
 r - a +5 ring mail of cold resistance (worn)
Jewellery
 e - a +6 ring of dexterity (left hand)
 B - a ring of willpower (right hand)
 C - a ring of resist corrosion
Wands
 w - a wand of charming (22)
 x - a wand of polymorph (12)
Scrolls
 b - 2 scrolls of teleportation
 d - a scroll of magic mapping
 v - 2 scrolls of blinking
Potions
 g - 2 potions of curing
 h - a potion of magic {unknown}
 l - a potion of attraction
 o - 6 potions of cancellation
 p - 2 potions of lignification
 s - 2 potions of berserk rage {unknown}
 t - 3 potions of might


   Skills:
 + Level 0.9 Fighting
 + Level 2.6 Long Blades
 * Level 5.4 Armour
 + Level 3.1 Dodging
 - Level 1.5 Stealth
 * Level 10.2 Spellcasting


You had 3 spell levels left.
You knew the following spells:

 Your Spells              Type           Power      Damage    Failure   Level
a - Foxfire               Conj/Fire      100%       2x1d9     1%          1
b - Conjure Flame         Conj/Fire      48%        6-21      1%          3
c - Inner Flame           Hex/Fire       48%        N/A       1%          3
d - Sticky Flame          Conj/Fire      48%        2d7       3%          4
e - Fireball              Conj/Fire      24%        3d11      9%          5
f - Beastly Appendage     Tmut           96%        N/A       1%          1
g - Passwall              Tmut/Erth      40%        N/A       1%          2
h - Swiftness             Air            48%        N/A       1%          2
i - Petrify               Tmut/Erth      48%        N/A       3%          4
Your spell library was empty.

Dungeon Overview and Level Annotations

Branches:
Dungeon (8/15)             Temple (0/1) D:7
   Lair: D:8-11

Altars:
Elyvilon
Makhleb
Yredelemnul

Shops:
D:1 =   D:7 (

Annotations:
D:7 2 transporters


Innate Abilities, Weirdness & Mutations

You are immune to poison.
Your flesh is very heat resistant. (rF++)
You are vulnerable to cold. (rC-)
You float through the air rather than walking.
You learn spells naturally, not from books.
Your magical power is your life essence.
You have superior vitality. (+4 HP)


Message History

You conjure some foxfire!
* * * LOW HITPOINT WARNING * * *
The foxfire hits the gnoll.
The gnoll is severely wounded.
The gnoll sergeant hits you from afar with a +1 trident of protection.
* * * LOW HITPOINT WARNING * * *
The foxfire hits the gnoll.
You kill the gnoll!
Casting: Foxfire (safe; 1% risk of failure)
Confirm with . or Enter, or press ? or * to list all spells.
You conjure some foxfire!
* * * LOW HITPOINT WARNING * * *
The foxfire hits the gnoll sergeant but does no damage.
The gnoll sergeant is severely wounded.
The gnoll sergeant barely misses you.
Your foxfire dissipates!
The gnoll sergeant hits you from afar with a +1 trident of protection.
* * * LOW HITPOINT WARNING * * *
Casting: Foxfire (safe; 1% risk of failure)
Confirm with . or Enter, or press ? or * to list all spells.
You conjure some foxfire!
* * * LOW HITPOINT WARNING * * *
The gnoll sergeant hits you but does no damage.
The foxfire hits the gnoll sergeant.
The gnoll sergeant is almost dead.
The foxfire hits the gnoll sergeant.
The gnoll sergeant is almost dead.
Casting: Foxfire (safe; 1% risk of failure)
Confirm with . or Enter, or press ? or * to list all spells.
You conjure some foxfire!
* * * LOW HITPOINT WARNING * * *
The foxfire hits the gnoll sergeant.
You kill the gnoll sergeant!
The foxfire hits the gnoll but does no damage.
Casting: Foxfire (safe; 1% risk of failure)
Confirm with . or Enter, or press ? or * to list all spells.
You conjure some foxfire!
* * * LOW HITPOINT WARNING * * *
The gnoll hits you with a +0 club.
You die...

...............#
...............#
##.......###..####
######..#####...#
#..<.......##
#.........)#
#..........#
#.......gv.#
#.......@v.#
##...####### #####


You could see a gnoll (ally target).

Vanquished Creatures
  Sigmund (D:6)
  2 water moccasins
  Duvessa (D:4)
  An orc warrior (D:5)
  A hornet zombie (D:8)
  A necrophage (D:7)
  2 sky beasts (D:5)
  3 ogres
  3 centaurs
  A wolf (D:8)
  2 kobold brigands
  A scorpion (D:5)
  A bullfrog (D:6)
  2 gnoll sergeants
  Dowan (D:4)
  6 wights
  An electric eel (D:8)
  2 bullfrog zombies
  3 centaur zombies
  A gnoll shaman (D:7)
  5 hounds
  3 orc priests
  A jelly (D:4)
  A bullfrog skeleton (D:5)
  Jessica (D:3)
  Natasha (D:3)
  A centaur skeleton (D:5)
  Terence (D:3)
  An iguana (D:6)
  An orc wizard (D:3)
  A scorpion zombie (D:4)
  A killer bee zombie (D:6)
  A hound zombie (D:4)
  A killer bee simulacrum (D:8)
  A howler monkey zombie (D:5)
  5 adders
  14 gnolls
  A white imp (D:7)
  3 ufetubi
  An adder skeleton (D:4)
  2 worms
  A dart slug (D:2)
  7 orcs
  8 ball pythons
  3 bats
  11 endoplasms
  3 giant cockroaches
  7 goblins
  2 hobgoblins (D:2)
  12 jackals
  12 kobolds
  2 quokkas
  4 frilled lizards
  9 rats
164 creatures vanquished.

Vanquished Creatures (others)
  A quokka (D:5)
  752 foxfires
753 creatures vanquished.

Grand Total: 917 creatures vanquished

Notes
Turn   | Place    | Note
-------+----------+-------------------------------------------
     0 | D:1      | funkygono the Djinni Fire Elementalist began the quest for
                  | the Orb.
     0 | D:1      | Reached XP level 1. HP: 15/15 MP: 0/0
    46 | D:1      | Found Ihideigh's Jewellery Boutique.
    70 | D:1      | Reached skill level 3 in Spellcasting
    70 | D:1      | Reached XP level 2. HP: 13/21 MP: 0/0
   604 | D:1      | Found a faded altar of an unknown god.
   680 | D:1      | Reached XP level 3. HP: 21/25 MP: 0/0
   680 | D:1      | Learned a level 1 spell: Beastly Appendage
  1232 | D:2      | Reached XP level 4. HP: 26/31 MP: 0/0
  1410 | D:2      | Reached skill level 4 in Spellcasting
  1601 | D:2      | Reached skill level 1 in Armour
  1830 | D:3      | Noticed Natasha
  1837 | D:3      | Killed Natasha
  1967 | D:3      | Noticed Jessica
  1972 | D:3      | Killed Jessica
  1973 | D:3      | Reached XP level 5. HP: 32/35 MP: 0/0
  1973 | D:3      | Learned a level 2 spell: Passwall
  2018 | D:3      | Noticed Terence
  2035 | D:3      | Killed Terence
  2471 | D:3      | Reached skill level 5 in Spellcasting
  2934 | D:3      | Reached XP level 6. HP: 39/40 MP: 0/0
  3417 | D:4      | Noticed Duvessa
  3425 | D:4      | Noticed Dowan
  3436 | D:4      | Killed Duvessa
  3447 | D:4      | Killed Dowan
  3962 | D:4      | Reached XP level 7. HP: 44/45 MP: 0/0
  3962 | D:4      | Learned a level 2 spell: Swiftness
  4006 | D:4      | Reached skill level 6 in Spellcasting
  4392 | D:4      | Found a basalt altar of Yredelemnul.
  4643 | D:5      | Entered Level 5 of the Dungeon
  4981 | D:5      | Reached skill level 7 in Spellcasting
  4981 | D:5      | Reached XP level 8. HP: 49/51 MP: 0/0
  5586 | D:5      | Reached skill level 1 in Long Blades
  5586 | D:5      | Reached skill level 8 in Spellcasting
  5622 | D:5      | Found a white marble altar of Elyvilon.
  6607 | D:6      | Reached XP level 9. HP: 31/56 MP: 0/0
  6607 | D:6      | Learned a level 4 spell: Petrify
  7164 | D:6      | Noticed Sigmund
  7171 | D:6      | Killed Sigmund
  7172 | D:6      | Reached skill level 9 in Spellcasting
  7461 | D:7      | Found a staircase to the Ecumenical Temple.
  7797 | D:7      | Found Liluo's Weapon Shop.
  7958 | D:7      | Reached skill level 5 in Armour
  8218 | D:7      | Found a transporter.
  8224 | D:7      | Noticed a boulder beetle
  8226 | D:7      | Found a burning altar of Makhleb.
  8230 | D:7      | Found a transporter.
  9067 | D:7      | Identified a scroll of acquirement
  9067 | D:7      | Acquired 725 gold pieces
  9363 | D:8      | Reached skill level 10 in Spellcasting
  9428 | D:8      | Slain by a gnoll

Illustrated notes

Levels and vault maps discovered:
D:1:      dpeg_arrival_rooms_c, layout_rooms, serial_shops, shop,
          basic_ecumenical_altar
D:2:      layout_rooms
D:3:      minmay_chambers_of_threes, layout_basic, minmay_misc_feat_alley,
          uniq_terence, uniq_natasha, uniq_jessica
D:4:      layout_basic, nicolae_yredelemnul_corpse_copse, uniq_duvessa
D:5:      layout_basic, elyvilon_altar_4
D:6:      layout_layer_cave, uniq_sigmund
D:7:      layout_basic, gammafunk_temple_overflow_arena,
          minmay_temple_entry_statues, serial_shops, shop
D:8:      layout_gridville, lair_entry_dummy, serial_ice, serial_ice_c,
          serial_ice_h, serial_ice_j, serial_ice_o, enter_bailey_4

Skill      XL: |  1  2  3  4  5  6  7  8  9 |
---------------+----------------------------+-----
Spellcasting   | 3 4 5 7 8 10 | 10.2
Armour         | 1 2 3 4 5 |  5.4
Long Blades    | 1 2 |  2.6
Dodging        | 3 |  3.1
Fighting       | |  0.9
Stealth        | |  1.5

Action                   |  1- 3 |  4- 6 |  7- 9 || total
-------------------------+-------+-------+-------++-------
Melee: Falchion          |       |     6 |     6 ||    12
       Scimitar          |       |       |    22 ||    22
 Cast: Foxfire           |    57 |    99 |   285 ||   441
       Conjure Flame     |       |       |     3 ||     3
       Sticky Flame      |       |       |     2 ||     2
  Use: Scroll            |     3 |     7 |    12 ||    22
       Potion            |       |       |     1 ||     1
Armor: Leather armour    |     1 |     4 |       ||     5
       Ring mail         |       |     7 |    65 ||    72
Dodge: Dodged            |     1 |    18 |    58 ||    77
       Rpst.: Falchion   |       |     8 |     5 ||    13
       Scimitar          |       |       |     5 ||     5

Table legend: (Time is in decaauts)
 A = Elapsed time spent in this place.
 B = Non-inter-level travel time spent in this place.
 C = Inter-level travel time spent in this place.
 D = Time resting spent in this place.
 E = Time spent auto-exploring this place.
 F = Levels seen in this place.
 G = Mean time per level.
                   A        B        C        D        E       F      G
               +--------+--------+--------+--------+--------+-----+--------+
         Total |   9434 |   9239 |    195 |    520 |   7394 |   8 | 1179.2 |
       Dungeon |   9434 |   9239 |    195 |    520 |   7394 |   8 | 1179.2 |
               +--------+--------+--------+--------+--------+-----+--------+

Top non-repeatable levels by time:
     D:7: 1845 daAuts
     D:3: 1617 daAuts
     D:6: 1459 daAuts
     D:5: 1331 daAuts
     D:4: 1286 daAuts
     D:1: 1130 daAuts
     D:2: 613 daAuts
     D:8: 150 daAuts
